 Dungeon Crawl Stone Soup version 0.30.1-4-g462c640d31 (webtiles) character file.

Game seed: 7569749890052837666

74 Bobit the Grasshopper (level 4, -4/38 HPs)
             Began as a Gnoll Warper on Aug 15, 2023.
             Slain by a gnoll
             ... wielding a +0 flail
              (11 damage)
             ... on level 3 of the Dungeon.
             The game lasted 00:02:38 (1789 turns).

Bobit the Grasshopper (Gnoll Warper)                Turns: 1789, Time: 00:02:39

Health: -4/38      AC:  5    Str: 10    XL:     4   Next: 28%
Magic:  6/11       EV: 11    Int: 13    God:
Gold:   91         SH:  0    Dex: 13    Spells: 11/13 levels left

rFire   . . .        a - +0 falchion
rCold   . . .        (no shield)
rNeg    . . .        e - +0 ring mail
rPois   .            n - +0 hat
rElec   .            (no cloak)
rCorr   .            (no gloves)
SInv    .            (no boots)
Will    .....        (no amulet)
Stlth   +            (no ring)
HPRegen 0.26/turn    (no ring)
MPRegen 0.12/turn

%: no passive effects
@: on blink cooldown
A: fangs 1, strong nose, distributed training
a: no special abilities


You were on level 3 of the Dungeon.
You visited 1 branch of the dungeon, and saw 3 of its levels.

You collected 91 gold pieces.

Inventory:

Hand Weapons
 a - a +0 falchion (weapon)
Missiles
 d - 7 boomerangs of dispersal (quivered)
Armour
 b - a +0 leather armour
 e - a +0 ring mail (worn)
 n - a +0 hat (worn)
Scrolls
 c - a scroll of blinking
 f - 6 scrolls of identify {unknown}
 g - a scroll of magic mapping {unknown}
 j - a scroll of enchant armour {unknown}
 k - a scroll of teleportation {unknown}
Potions
 h - a potion of berserk rage {unknown}
 i - 2 potions of might {unknown}
 l - 2 potions of haste {unknown}
 m - 3 potions of degeneration {unknown}


   Skills:
 + Level 4.6 Fighting
 + Level 1.1 Short Blades
 + Level 4.6 Long Blades
 + Level 1.1 Axes
 + Level 1.1 Maces & Flails
 + Level 1.1 Polearms
 + Level 1.1 Staves
 + Level 1.1 Ranged Weapons
 + Level 2.7 Throwing
 + Level 2.7 Armour
 + Level 4.6 Dodging
 + Level 1.1 Stealth
 + Level 1.1 Shields
 + Level 1.1 Unarmed Combat
 + Level 5.1 Spellcasting
 + Level 0.9 Conjurations
 + Level 0.9 Hexes
 + Level 0.9 Summonings
 + Level 0.9 Necromancy
 + Level 5.4 Translocations
 + Level 0.9 Transmutations
 + Level 0.9 Fire Magic
 + Level 0.9 Ice Magic
 + Level 0.9 Air Magic
 + Level 0.9 Earth Magic
 + Level 0.9 Poison Magic
 + Level 1.2 Invocations
 + Level 1.1 Evocations


You had 11 spell levels left.
You knew the following spells:

 Your Spells              Type           Power      Damage    Failure   Level
a - Blink                 Tloc           34%        N/A       7%          2

Your spell library contained the following spells:

 Spells                   Type           Power      Damage    Failure   Level
 Lesser Beckoning         Tloc           34%        N/A       7%          2
 Teleport Other           Tloc           17%        N/A       14%         3
 Vhi's Electric Charge    Tloc/Air       22%        N/A       36%         3
 Manifold Assault         Tloc           17%        N/A       43%         4


Dungeon Overview and Level Annotations

Branches:
Dungeon (3/15)

Altars:
Ru

Annotations:
D:3 1 runed translucent door, Bobit's ghost, amateur GnRe


Innate Abilities, Weirdness & Mutations

You have very sharp teeth.
Your uncanny sense of smell can sniff out nearby items.
Your experience applies equally to all skills.


Message History

Found 13 gold pieces.
The rat attacks as you move away! The rat barely misses you.
You feel stable enough to blink again. The rat attacks as you move away!
The rat bites you but does no damage.
You see here 13 gold pieces.
You now have 84 gold pieces (gained 13).
The rat bites you. The rat attacks as you move away!
The rat completely misses you. The rat attacks as you move away!
The rat bites you but does no damage. The rat attacks as you move away!
The rat barely misses you.
You slash the rat!
You kill the rat!
You see here a rat corpse.
Casting: Blink (safe; 7% risk of failure)
Confirm with . or Enter, or press ? or * to list all spells.
You blink.
Found 7 gold pieces.
You feel stable enough to blink again.
You see here 7 gold pieces.
You now have 91 gold pieces (gained 7).
You see here a scroll labelled UKIM LAXKEMY.
f - 6 scrolls labelled UKIM LAXKEMY (gained 1)
The gnoll hits you from afar with a +0 spear.
Casting: Blink (safe; 7% risk of failure)
Confirm with . or Enter, or press ? or * to list all spells.
You miscast Blink.
You are very lightly contaminated with residual magic.
Nothing appears to happen.
The gnoll hits you but does no damage.
Casting: Blink (safe; 7% risk of failure)
Confirm with . or Enter, or press ? or * to list all spells.
You blink.
The gnoll misses you. The gnoll closely misses you. The hobgoblin hits you.
The gnoll attacks as you move away! The gnoll hits you with a +0 flail!
* * * LOW HITPOINT WARNING * * *
The hobgoblin barely misses you. The hobgoblin attacks as you move away!
The hobgoblin hits you but does no damage.
The gnoll attacks as you move away! The gnoll hits you but does no damage.
Your magical contamination has completely faded away.
The gnoll attacks as you move away! The gnoll hits you with a +0 flail!
You die...

## #...!.......#.#.......#.#...#
......####.#.#.......#.#...g.....
...#. #.....#...#.....#...#.##
.....######.#....#....#....#...#
#....#.........#...#.....#...#.#
###......#.#.#.......#.#.......#
. .##.......g.g#.#.......#.#..#
.# #....#..g#gg...#...#......#
#......#...@#....#....#.#.#
#...##...#.....#...#....#.# ....#
#.....#.#...#...#... # #....
#.........#....... #...
#......####.##... .... .......##
##...... #.....


You could see 4 gnolls and a hobgoblin.

Vanquished Creatures
  3 adders
  3 worms (D:2)
  A dart slug (D:2)
  3 ball pythons
  6 endoplasms
  A giant cockroach (D:2)
  5 goblins
  A hobgoblin (D:2)
  3 kobolds
  A quokka (D:2)
  2 bats (D:2)
  2 frilled lizards
  3 rats
34 creatures vanquished.

Vanquished Creatures (others)
  A frilled lizard (D:2)
1 creature vanquished.

Grand Total: 35 creatures vanquished

Notes
Turn   | Place    | Note
-------+----------+-------------------------------------------
     0 | D:1      | Bobit the Gnoll Warper began the quest for the Orb.
     0 | D:1      | Reached XP level 1. HP: 20/20 MP: 6/6
   296 | D:1      | Reached XP level 2. HP: 25/26 MP: 7/7
   299 | D:1      | Learned a level 2 spell: Blink
   750 | D:2      | Reached skill level 5 in Spellcasting
   750 | D:2      | Reached XP level 3. HP: 27/31 MP: 7/9
   890 | D:2      | Reached skill level 1 in Invocations
  1114 | D:2      | Reached skill level 1 in Short Blades
  1114 | D:2      | Reached skill level 1 in Axes
  1114 | D:2      | Reached skill level 1 in Maces & Flails
  1114 | D:2      | Reached skill level 1 in Polearms
  1114 | D:2      | Reached skill level 1 in Staves
  1114 | D:2      | Reached skill level 1 in Ranged Weapons
  1114 | D:2      | Reached skill level 1 in Stealth
  1114 | D:2      | Reached skill level 1 in Shields
  1114 | D:2      | Reached skill level 1 in Unarmed Combat
  1114 | D:2      | Reached skill level 1 in Evocations
  1340 | D:2      | Reached XP level 4. HP: 35/38 MP: 11/11
  1658 | D:3      | Noticed Bobit's ghost (amateur GnRe)
  1658 | D:3      | Found a runed translucent door.
  1694 | D:3      | Found a sacrificial altar of Ru.
  1789 | D:3      | Slain by a gnoll

Illustrated notes

Levels and vault maps discovered:
D:1:      psy_arrival_dodecagon, layout_loops_ring
D:2:      layout_loops_cross
D:3:      layout_rooms, nicolae_ru_awakened_eye, hellmonk_ghost_happy_afterlife,
          chequers_serial_rivers_micro_e, nicolae_kite_square_tiling_tiny

Skill      XL: |  1  2  3 |
---------------+----------+-----
Spellcasting   | 5 |  5.1
Invocations    | 1 |  1.2
Short Blades   | 1 |  1.1
Axes           | 1 |  1.1
Maces & Flails | 1 |  1.1
Polearms       | 1 |  1.1
Staves         | 1 |  1.1
Ranged Weapons | 1 |  1.1
Stealth        | 1 |  1.1
Shields        | 1 |  1.1
Unarmed Combat | 1 |  1.1
Evocations     | 1 |  1.1
Fighting       | |  4.6
Long Blades    | |  4.6
Throwing       | |  2.7
Armour         | |  2.7
Dodging        | |  4.6
Conjurations   | |  0.9
Hexes          | |  0.9
Summonings     | |  0.9
Necromancy     | |  0.9
Translocations | |  5.4
Transmutations | |  0.9
Fire Magic     | |  0.9
Ice Magic      | |  0.9
Air Magic      | |  0.9
Earth Magic    | |  0.9
Poison Magic   | |  0.9

Action                     |  1- 3 |  4- 6 || total
---------------------------+-------+-------++-------
  Melee: Falchion          |   115 |    21 ||   136
         Bite              |     9 |     1 ||    10
         Punch             |     3 |       ||     3
   Cast: Blink             |       |     4 ||     4
 Armour: Leather armour    |     3 |       ||     3
         Ring mail         |    33 |    10 ||    43
  Dodge: Dodged            |    72 |    22 ||    94
